 Dungeon Crawl Stone Soup version 0.19.5 (webtiles) character file.

324 JeffiDaFish the Archer (level 6, -5/32 HPs)
             Began as a Spriggan Hunter on Dec 13, 2017.
             Slain by Lilxick's ghost (15 damage)
             ... on level 3 of the Dungeon.
             The game lasted 00:05:15 (2275 turns).

JeffiDaFish the Archer (Spriggan Hunter)            Turns: 2275, Time: 00:05:16

Health: -5/32      AC:  3    Str:  8    XL:     6   Next: 23%
Magic:  7/7        EV: 19    Int: 12    God:
Gold:   123        SH:  2    Dex: 19    Spells: 0 memorised, 5 levels left

rFire  . . .     SeeInvis +     b - +0 short sword
rCold  . . .     Gourm    .     c - +0 robe
rNeg   . . .     Faith    .     (shield restricted)
rPois  .         Spirit   .     (helmet restricted)
rElec  .         Reflect  +     k - +0 cloak
rCorr  .         Harm     .     (gloves unavailable)
MR     ++...                    (boots unavailable)
Stlth  ++........               h - +2 amulet of reflection
                                (no ring)
                                m - ring of protection from magic

@: very quick
A: unfitting armour, see invisible, herbivore 3, speed 3, slow metabolism 2
a: no special abilities


You were on level 3 of the Dungeon.
You were not hungry.

You visited 1 branch of the dungeon, and saw 3 of its levels.

You collected 123 gold pieces.

Inventory:

Hand Weapons
 a - a +2 shortbow
 b - a +0 short sword (weapon)
Armour
 c - a +0 robe (worn)
 k - a +0 cloak (worn)
Jewellery
 h - a +2 amulet of reflection (around neck)
 m - a ring of protection from magic (left hand)
Scrolls
 i - a scroll of identify
Potions
 d - a potion of flight
 j - 2 potions of heal wounds
Comestibles
 f - 2 bread rations
 g - a slice of pizza
 l - 2 fruits


   Skills:
 + Level 2.6 Fighting
 * Level 0.2 Short Blades
 * Level 8.2 Bows
 * Level 3.7 Dodging
 + Level 2.0 Stealth


You had 5 spell levels left.
You didn't know any spells.

Dungeon Overview and Level Annotations

Branches:
Dungeon (3/15)

Altars:
Qazlal
Ru

Annotations:
D:3 Lilxick's ghost, amateur HOFi


Innate Abilities, Weirdness & Mutations

You are very small and have problems with some larger weapons.
You are too small for most types of armour.
You have supernaturally acute eyesight. (SInv)
You are a herbivore.
You cover ground extremely quickly.
You need consume almost no food.


Message History

Aim: Lilxick's ghost (heavily damaged)
Okay, then.
Wield which item (- for none, * to show all)? (? for menu, Esc to quit)
b - a +0 short sword (weapon)
You closely miss Lilxick's ghost.
Lilxick's ghost is heavily damaged.
Lilxick's ghost closely misses you.
You hit Lilxick's ghost but do no damage.
Lilxick's ghost is heavily damaged.
Lilxick's ghost hits you!
You closely miss Lilxick's ghost.
Lilxick's ghost is heavily damaged.
Lilxick's ghost barely misses you.
You hit Lilxick's ghost.
Lilxick's ghost is heavily damaged.
Lilxick's ghost closely misses you.
You hit Lilxick's ghost but do no damage.
Lilxick's ghost is heavily damaged.
Lilxick's ghost misses you. Lilxick's ghost hits you!
You die...

#######.[.#### #...# #...#
#...# #...###### ###
#....†W..# ..
##..####.#####.#
####..##...##....#
#.@W((((.(.....†.#
#.#...#....##....#
#####.#.#...#..###.#...
#..............###.####
#######.###.##.##.#.......##
#.......# #.##.##.#.#......#
#.#####.# #<......#.#.##..>#
#.##....# ####.####.#......#
#.##.##.# #..(..##.#..##..#


You could see Lilxick's ghost.

Vanquished Creatures
  Sigmund (D:2)
  Crazy Yiuf (D:2)
  Ijyb (D:2)
  Terence (D:2)
  3 adders (D:2)
  4 oozes
  A worm (D:2)
  A dart slug (D:2)
  A leopard gecko (D:2)
  3 goblins
  8 hobgoblins
  2 jackals (D:1)
  5 kobolds
  A ball python (D:3)
  6 bats
  4 frilled lizards (D:2)
  5 rats
48 creatures vanquished.

Vanquished Creatures (others)
  A frilled lizard (D:2)
1 creature vanquished.

Grand Total: 49 creatures vanquished

Notes
Turn   | Place    | Note
-------+----------+-------------------------------------------
     0 | D:1      | JeffiDaFish the Spriggan Hunter began the quest for the Orb.
     0 | D:1      | Reached XP level 1. HP: 10/10 MP: 2/2
    96 | D:1      | Reached skill level 5 in Bows
   170 | D:1      | Reached XP level 2. HP: 7/14 MP: 3/3
   638 | D:2      | Noticed Ijyb
   645 | D:2      | Killed Ijyb
   645 | D:2      | Reached skill level 6 in Bows
   645 | D:2      | Reached XP level 3. HP: 14/18 MP: 4/4
   823 | D:2      | Reached XP level 4. HP: 23/23 MP: 5/5
   926 | D:2      | Found a stormy altar of Qazlal.
   984 | D:2      | Found a runed door.
   988 | D:2      | Noticed Crazy Yiuf
   995 | D:2      | Killed Crazy Yiuf
  1042 | D:2      | Noticed Sigmund
  1065 | D:2      | Killed Sigmund
  1065 | D:2      | Reached skill level 8 in Bows
  1065 | D:2      | Reached XP level 5. HP: 8/27 MP: 6/6
  1345 | D:2      | Found a sacrificial altar of Ru.
  1353 | D:2      | Noticed Terence
  1369 | D:2      | Killed Terence
  1369 | D:2      | Reached XP level 6. HP: 21/32 MP: 7/7
  2232 | D:3      | Noticed Lilxick's ghost (amateur HOFi)
  2275 | D:3      | Slain by Lilxick's ghost

Skill      XL: |  1  2  3  4  5  6 |
---------------+-------------------+-----
Bows           | 5 6 8 |  8.2
Fighting       | 2 |  2.6
Stealth        | 2 |  2.0
Short Blades   | |  0.2
Dodging        | |  3.7

Action                   |  1- 3 |  4- 6 || total
-------------------------+-------+-------++-------
Melee: Short sword       |       |   105 ||   105
 Fire: Shortbow          |    87 |    41 ||   128
  Use: Scroll            |     5 |     1 ||     6
       Potion            |     3 |     4 ||     7
 Stab: Sleeping          |       |     2 ||     2
Armor: Robe              |     3 |    12 ||    15
Dodge: Dodged            |    31 |   106 ||   137
Block: Other             |     4 |     6 ||    10
